 Dungeon Crawl Stone Soup version 0.31-a0-152-g6aa68a64a1 (webtiles) character file.

Game seed: 14478073495763386742

6 comborobin the Sneak (level 1, -1/13 HPs)
             Began as a Deep Elf Delver on June 10, 2023.
             Killed from afar by an orc wizard (5 damage)
             ... with a puff of flame
             ... on level 4 of the Dungeon.
             The game lasted 00:00:43 (239 turns).

comborobin the Sneak (Deep Elf Delver)               Turns: 239, Time: 00:00:44

Health: -1/13      AC:  3    Str:  9    XL:     1   Next: 75%
Magic:  3/3        EV: 12    Int: 14    God:
Gold:   34         SH:  0    Dex: 16    Spells: 0/0 levels left

rFire   . . .        a - +0 sling
rCold   . . .        (no shield)
rNeg    . . .        b - +0 leather armour
rPois   .            (no helmet)
rElec   .            (no cloak)
rCorr   .            (no gloves)
SInv    .            (no boots)
Will    .....        (no amulet)
Stlth   +++          (no ring)
HPRegen 0.22/turn    (no ring)
MPRegen 0.08/turn

%: no passive effects
@: hasted, very quick
A: no striking features
a: no special abilities


You were on level 4 of the Dungeon.
You visited 1 branch of the dungeon, and saw 3 of its levels.

You collected 34 gold pieces.

Inventory:

Hand Weapons
 a - a +0 sling (weapon)
 h - a +0 short sword
Armour
 b - a +0 leather armour (worn)
Wands
 g - a wand of digging (3)
Scrolls
 c - a scroll of fog
 e - a scroll of fear
Potions
 i - a potion of magic {unknown}


   Skills:
 - Level 2.4 Fighting
 - Level 2.1 Short Blades
 + Level 1.6 Ranged Weapons
 - Level 2.4 Dodging
 - Level 6.0 Stealth


You couldn't memorise any spells.
You didn't know any spells.
Your spell library contained the following spells:

 Spells                   Type           Power      Damage    Failure   Level
 Lesser Beckoning         Tloc           0%         N/A       52%         2
 Gell's Gravitas          Tloc           0%         N/A       77%         3
 Teleport Other           Tloc           0%         N/A       77%         3


Dungeon Overview and Level Annotations

Branches:
Dungeon (6/15)
 Temple: D:4-7

Altars:

Annotations:
D:4 exclusion: kobold brigand


Message History

You see here a jackal corpse.
You open the door.
Found a stone staircase leading down.
There is an open door here.
You open the door.
An orc wizard and an orc come into view.
You shoot a sling bullet. The sling bullet hits the orc.
The orc shouts!
The orc is lightly wounded.
You hear a shout!
You shoot a sling bullet. The orc wizard shouts!
The sling bullet hits the orc but does no damage.
The orc is lightly wounded.
An orc comes into view. It is wielding a +0 dagger.
You shoot a sling bullet. The orc shouts!
The sling bullet hits the orc wizard but does no damage.
You shoot a sling bullet.
The sling bullet closely misses the orc wizard.
The sling bullet hits the orc!
You kill the orc!
An orc comes into view. It is wielding a +0 club.
A quokka comes into view.
Okay, then.
You feel yourself speed up.
Fire: a) +0 sling
Press: ? - help, Q - select action Shift-Dir - straight line, f/p - orc wizard
Aim: an orc wizard, wielding a +0 dagger and wearing a +0 robe (50% to hit)
You shoot a sling bullet.
The sling bullet barely misses the orc wizard.
The orc wizard barely misses you.
Unknown command.
The orc wizard gestures at you while chanting.
The puff of flame hits you!
Ouch! That really hurt!
* * * LOW HITPOINT WARNING * * *
The orc wizard gestures at you while chanting.
The puff of flame hits you.
You die...

#.# #.## #.# #r. ##.##
### ##o## #... ..#
##...## #..####
#.###.oo..##
#..##.###.##.......##
##..#...##.#.........#
...†.......'.........+
##.##...##.#....@....#
#.........##.......##
#####.#######.....##
#.# ##...## #.# ##+##
#.# ..


You could see an orc wizard, 2 orcs and a quokka.

Vanquished Creatures
  An orc (D:4)
  2 jackals (D:4)
  A quokka (D:5)
4 creatures vanquished.

Notes
Turn   | Place    | Note
-------+----------+-------------------------------------------
     0 | D:5      | comborobin the Deep Elf Delver began the quest for the Orb.
     0 | D:5      | Reached XP level 1. HP: 13/13 MP: 3/3
   127 | D:5      | Noticed an orc wizard
   182 | D:4      | Noticed a kobold brigand
   213 | D:4      | Reached skill level 1 in Ranged Weapons
   228 | D:4      | Noticed an orc wizard
   239 | D:4      | Killed from afar by an orc wizard

Illustrated notes

Levels and vault maps discovered:
D:4:      layout_loops_corners, mainiacjoe_overflow_chevrons
D:5:      layout_gridville
D:6:      layout_loops_ring, minmay_temple_entry_slanted, serial_shops,
          nicolae_inconvenience_store, st_stairs_14, dreamdust_mushroom_princess

Skill      XL: |  1 |
---------------+----+-----
Ranged Weapons | 1 |  1.6
Fighting       | |  2.4
Short Blades   | |  2.1
Dodging        | |  2.4
Stealth        | |  6.0

Action                     || total
---------------------------++-------
  Melee: Short sword       ||     1
   Fire: Sling             ||     8
    Use: Scroll            ||     1
         Potion            ||     1
   Stab: Sleeping          ||     1
  Dodge: Dodged            ||     1

Table legend: (Time is in decaauts)
 A = Elapsed time spent in this place.
 B = Non-inter-level travel time spent in this place.
 C = Inter-level travel time spent in this place.
 D = Time resting spent in this place.
 E = Time spent auto-exploring this place.
 F = Levels seen in this place.
 G = Mean time per level.
                   A        B        C        D        E       F      G
               +--------+--------+--------+--------+--------+-----+--------+
         Total |    240 |    203 |     37 |      0 |    127 |   3 |   80.0 |
       Dungeon |    240 |    203 |     37 |      0 |    127 |   3 |   80.0 |
               +--------+--------+--------+--------+--------+-----+--------+

Top non-repeatable levels by time:
     D:5: 169 daAuts
     D:4: 67 daAuts
     D:6: 3 daAuts
